[Event "2017MOK"]
[Site "Calgary"]
[Date "2017.??.??"]
[Round "1.5"]
[White "Wang, Paul"]
[Black "Ali, Husain"]
[Result "*"]
[WhiteElo "1296"]
[BlackElo "1932"]
[PlyCount "71"]
[EventDate "2017.??.??"]
[SourceDate "2017.09.01"]
[TimeControl "90+30"]

1. e4 e5 2. Nf3 Nc6 3. Bc4 h6 4. Nc3 Nf6 5. d3 Bb4 (5... Bc5 6. O-O O-O 7. Nd5
d6) 6. O-O O-O 7. Nd5 d6 8. Nxb4 Nxb4 9. c3 Nc6 10. h3 Na5 11. Bb3 Nxb3 12.
Qxb3 Nh5 13. d4 Qf6 14. Re1 Bxh3 15. dxe5 dxe5 16. Nxe5 Be6 17. Qb5 c6 18. Nxc6
Bd7 19. Qxh5 Bxc6 20. e5 Qe6 21. Bf4 Qd5 22. Qg4 Qe6 23. Qxe6 fxe6 24. Be3 b6
25. a4 Rfd8 26. a5 b5 27. Bc5 a6 28. Be7 Rd7 29. Bd6 Bd5 30. Re3 Rc8 31. Kh2
Kf7 32. b4 g5 33. g4 Kg6 34. Kg3 Rf7 35. Rf1 Rf4 36. f3 *

[Event "2017MOk"]
[Site "Calgary"]
[Date "2017.??.??"]
[Round "4.6"]
[White "Chen, Andrew"]
[Black "Ali, Husain"]
[Result "*"]
[WhiteElo "1577"]
[BlackElo "1932"]
[PlyCount "59"]
[EventDate "2017.??.??"]
[SourceDate "2017.09.01"]
[TimeControl "90+30"]

1. d4 d5 2. Bf4 e6 3. Nf3 c5 4. c3 Bd6 5. Bg3 Nc6 6. Nbd2 Nf6 7. e3 O-O 8. Bd3
Re8 9. Ne5 Qc7 10. f4 Nd7 11. Bxh7+ Kf8 12. Bd3 f5 13. Bh4 Nf6 14. h3 c4 15.
Bc2 Bxe5 16. fxe5 Ne4 17. Nxe4 dxe4 18. Qh5 Qf7 19. Qh8+ Qg8 20. Qxg8+ Kxg8 21.
Ba4 Bd7 22. Bxc6 Bxc6 23. O-O-O b5 24. Kd2 Bd5 25. a3 a5 26. Ra1 Kf7 27. Bg5 a4
28. Raf1 Kg8 29. Rf4 Kh7 30. h4 *

[Event "2017MOK"]
[Site "Calgary"]
[Date "2017.??.??"]
[Round "4.10"]
[White "Sharma, Vishruth"]
[Black "Chandra, Anand Rishi"]
[Result "1-0"]
[WhiteElo "1606"]
[BlackElo "1681"]
[PlyCount "53"]
[EventDate "2017.??.??"]
[SourceDate "2017.09.01"]
[TimeControl "90+30"]

1. e4 c5 2. Nf3 d6 3. d4 cxd4 4. Nxd4 a6 5. Nc3 Nf6 6. f3 Nbd7 7. Be3 e6 8. Bc4
Ne5 9. Bb3 Bd7 10. Qd2 b5 11. O-O-O Rc8 12. g4 Nc4 13. Bxc4 bxc4 14. g5 (14. h4
g6 15. Qe2 Bg7) 14... Nh5 15. f4 g6 16. Qe2 Ng7 17. h4 Be7 18. Rdf1 a5 19. h5
Nxh5 20. Rxh5 gxh5 21. Qxh5 a4 22. f5 exf5 23. exf5 Qb6 24. f6 Be6 25. fxe7 Kd7
26. Rxf7 Bxf7 27. Qxf7 1-0

[Event "2017MOK"]
[Site "Calgary"]
[Date "2017.??.??"]
[Round "2.7"]
[White "Ali, Husain"]
[Black "Chandra, Anand Rishi"]
[Result "*"]
[WhiteElo "1952"]
[BlackElo "1681"]
[PlyCount "34"]
[EventDate "2017.??.??"]
[SourceDate "2017.09.01"]
[TimeControl "90+30"]

1. d4 d5 2. c4 e6 3. Nf3 c6 4. e3 Nf6 5. Nc3 Nbd7 6. Bd3 Be7 7. O-O O-O 8. Qc2
h6 9. Re1 b6 10. Bd2 Bb7 11. cxd5 cxd5 12. Rac1 a6 13. h3 b5 14. Qb3 Nb6 15.
Ne2 Nc4 16. a4 Bc6 17. axb5 axb5 *

[Event "2017MOK"]
[Site "Calgary"]
[Date "2017.??.??"]
[Round "3.8"]
[White "Sklenka, Steve"]
[Black "Chen, Andrew"]
[Result "*"]
[WhiteElo "1617"]
[BlackElo "1577"]
[PlyCount "65"]
[EventDate "2017.??.??"]
[SourceDate "2017.09.01"]
[TimeControl "90+30"]

1. d4 d5 2. c4 dxc4 3. a4 a6 4. e3 Nf6 5. Bxc4 Bf5 6. Nf3 e6 7. O-O Be7 8. Nc3
Nbd7 9. b3 O-O 10. Re1 Ne4 11. Nxe4 Bxe4 12. Bd3 Bxd3 13. Qxd3 Nf6 14. Ne5 Nd7
15. Nf3 Bf6 16. Ba3 Rc8 17. Rac1 c6 18. Red1 Qb6 19. Nd2 Be7 20. Nc4 Qc7 21.
Bb2 Rce8 22. Qc2 Nb6 23. Ne5 Nd7 24. Nc4 Nb6 25. Ne5 Nd7 26. Nf3 Bf6 27. e4 c5
28. e5 Be7 29. b4 b6 30. Ne1 Qb7 31. bxc5 bxc5 32. Rd3 (32. Qd3) 32... cxd4 33.
Bxd4 *

[Event "2017MOK"]
[Site "Calgary"]
[Date "2017.??.??"]
[Round "2.2"]
[White "Findlay, Ian"]
[Black "Daniluk, Jim"]
[Result "1-0"]
[WhiteElo "2290"]
[BlackElo "1951"]
[PlyCount "43"]
[EventDate "2017.??.??"]
[SourceDate "2017.09.01"]
[TimeControl "90+30"]

1. e4 c5 2. Nf3 Nc6 3. d4 cxd4 4. Nxd4 Nf6 5. Nc3 e5 6. Ndb5 d6 7. Bg5 a6 8.
Na3 b5 9. Bxf6 gxf6 10. Nd5 f5 11. Bd3 Rg8 12. c3 Rxg2 13. Qf3 (13. Ne3) 13...
Rg4 14. exf5 e4 15. Qxg4 (15. Bxe4) 15... exd3 16. O-O-O Bh6+ 17. f4 Ne5 18.
Qh5 Bb7 19. Qxh6 Bxd5 20. Rhe1 b4 21. Rxd3 Qa5 22. Qxd6 1-0

[Event "2017MOK"]
[Site "Calgary"]
[Date "2017.??.??"]
[Round "2.10"]
[White "Papneja, Arul"]
[Black "Darvekar, Yash"]
[Result "1-0"]
[WhiteElo "1632"]
[BlackElo "1153"]
[PlyCount "67"]
[EventDate "2017.??.??"]
[SourceDate "2017.09.01"]
[TimeControl "90+30"]

1. e4 e6 2. b3 d5 3. Bb2 dxe4 4. Nc3 Nf6 5. Qe2 Bc5 6. Nxe4 Nxe4 7. Qxe4 f6 8.
Bc4 e5 9. f4 Qe7 10. fxe5 fxe5 11. Qxe5 Qxe5+ 12. Bxe5 b6 13. Ne2 Bb7 14. d4
Nd7 15. Bxg7 (15. Bxc7 Rf8) 15... Rf8 16. Bxf8 Bxf8 17. O-O O-O-O 18. Rae1 Bd6
19. Nf4 Bxf4 20. Rxf4 Kb8 21. Re7 a6 22. Rff7 Nf8 23. Rxc7 Bc8 24. c3 Bd7 25.
Rxf8 Kxc7 26. Rxd8 Kxd8 27. Bxa6 Kc7 28. Bd3 h6 29. c4 Kd6 30. b4 Kc6 31. c5
bxc5 32. dxc5 Be6 33. a3 Bc8 34. Kf2 1-0

[Event "2017MOK"]
[Site "Calgary"]
[Date "2017.??.??"]
[Round "5.7"]
[White "Timmerman, Brian"]
[Black "Darvekar, Yash"]
[Result "1-0"]
[WhiteElo "1754"]
[BlackElo "1153"]
[PlyCount "33"]
[EventDate "2017.??.??"]
[SourceDate "2017.09.01"]
[TimeControl "90+30"]

1. e4 b6 2. d4 Bb7 3. Bd3 Nf6 4. Qe2 e6 5. Nf3 Be7 6. O-O O-O 7. c3 c5 8. Bf4
d5 9. e5 c4 10. Bc2 Ne4 11. Nbd2 Nxd2 12. Bxd2 f6 13. exf6 Bxf6 14. Qxe6+ Rf7
15. Bxh7+ Kf8 16. Bg6 Re7 17. Qh3 1-0

[Event "2017MOK"]
[Site "Calgary"]
[Date "2017.??.??"]
[Round "2.6"]
[White "Kostadinov, Georgi"]
[Black "Dave, Bhavik"]
[Result "1-0"]
[WhiteElo "2080"]
[BlackElo "1834"]
[PlyCount "57"]
[EventDate "2017.??.??"]
[SourceDate "2017.09.01"]
[TimeControl "90+30"]

1. d4 Nf6 2. c4 g6 3. Nc3 (3. Nf3 d5 4. cxd5 Nxd5 5. e4) 3... d5 4. cxd5 Nxd5
5. e4 Nxc3 6. bxc3 Bg7 7. Qa4+ Nd7 8. Qa3 c5 9. Nf3 O-O 10. Bd3 b6 11. O-O Bb7
12. Rb1 Qc7 13. Bg5 Rfe8 14. Rfe1 Rac8 15. Bh4 cxd4 16. cxd4 e5 17. Rbc1 Qb8
18. Rxc8 Rxc8 19. Bg3 f6 20. Bb5 Bc6 21. Bc4+ Kh8 22. Bb3 Rd8 23. dxe5 fxe5 24.
Ng5 Rf8 25. Nf7+ Rxf7 26. Bxf7 Nc5 27. Bd5 Bb5 28. h3 Bh6 29. Qd3 1-0

[Event "2017MOK"]
[Site "Calgary"]
[Date "2017.??.??"]
[Round "4.5"]
[White "Daniluk, Jim"]
[Black "Dave, Bhavik"]
[Result "1-0"]
[WhiteElo "1951"]
[BlackElo "1834"]
[PlyCount "77"]
[EventDate "2017.??.??"]
[SourceDate "2017.09.01"]
[TimeControl "90+30"]

1. d4 Nf6 2. Nf3 g6 3. c4 Bg7 4. g3 (4. e3 O-O 5. Bd3 c6 6. O-O d5 7. Nc3 dxc4
8. Bxc4) 4... O-O 5. Bg2 (5. Bg5 c6) 5... c6 6. O-O d5 7. Nc3 dxc4 8. a4 Be6 9.
e4 a5 10. h3 Na6 11. Qe2 Qc8 12. Ng5 Nb4 13. Be3 Rd8 14. Rfd1 h6 15. Nxe6 Qxe6
16. Rd2 Rd7 17. e5 Nfd5 18. Ne4 Nd3 19. b3 b5 20. bxc4 bxc4 21. Rc2 Nxe3 22.
fxe3 Rb7 23. Nd2 Rb2 24. Nxc4 Qxc4 25. Rxb2 Nxb2 26. Qxb2 Qd3 27. Ra3 Qd1+ 28.
Kh2 Rf8 29. Qb3 Qxb3 30. Rxb3 Rc8 31. Rc3 e6 32. Rc5 Ra8 33. Rxc6 Ra7 34. Rc8+
Bf8 35. e4 Kg7 36. d5 exd5 37. exd5 Bb4 38. d6 f6 39. Rc7+ 1-0

[Event "2017MOK"]
[Site "Calgary"]
[Date "2017.??.??"]
[Round "3.2"]
[White "Kobalenko, Jerry"]
[Black "Findlay, Ian"]
[Result "0-1"]
[ECO "E05"]
[WhiteElo "2211"]
[BlackElo "2290"]
[Annotator "Ian Findlay"]
[PlyCount "108"]
[EventDate "2017.??.??"]
[SourceDate "2017.09.01"]
[TimeControl "90+30"]

{This is the third game I have played Jerry since moving to Banff in July 2015.
Jerry lives in Canmore , about 20 km's from me, which makes him my nearest
competition. Jerry likes flank games as white, so the opening came as not
surprise.} 1. c4 e6 2. g3 d5 3. Bg2 Nf6 4. Nf3 Be7 5. O-O O-O 6. d4 dxc4 7. Qa4
{In my last round game against Gary Ng, I got crushed when Gary played Ne5.
Qa4 is an older approach, which was popular in the 80's.} a6 8. Qxc4 b5 9. Qc2
Bb7 10. Nc3 $5 {Bd2 was very popular in the 80's. Black finally learned how to
defend which often involves playing Be4 and then later going to g6. Bf4 and
Bg5 are the main alternatives. They are covered nicely by Jan Gustafsson on
chess24 in his video on the Catalan. Kramnik came up with many ideas for white
and Anand found many good ideas for black. Before that, Beliavsky on the white
side and Karpov on the black side.} b4 $5 {I remember Jan in his video saying
the knight is not good on c3 becuause black can chase it away with b4. Black
does gain some space and development, but the c5 square is weakened and
black's normal plan to equalize is to play c5. I did not like Nbd7, since I
remember Fuster playing Ne5 against me in speed games in the 80's where his
doubled e pawns would give him a good attack. Funny the engines don't really
worry about that.} 11. Na4 Be4 12. Qb3 Nc6 13. Bf4 Nd5 14. Qd1 $5 {Allowing
doubled f pawns which white often does in the catalan to gain more control
over the centre. Also possible was Bd2.} Nxf4 15. gxf4 Qd5 16. e3 Rab8 {
I thought for about 10 minutes here. I am working on prophalytic thinking in
my games. Here I say that white's plan should be to play Rc1 and Nc5 to
dislodge the bishop on e4 or trade for bishop on e7 when c7 will become weak.
My idea was to play Rb5 to stop this. I wanted to bring my bishop to d6, then
my knight to the kingside via e7. This play may have been too optimistic and
perhaps the simple Nb8, then Nd7 would be better. It is always harder to find
retreating moves such as Nb8.} 17. b3 Rb5 18. Ne1 Bxg2 19. Nxg2 Bd6 20. Rc1 Ne7
21. Nh4 Ng6 $6 {This does not offer black much.} (21... g5 22. Qg4 Ng6 23. Nxg6
hxg6 24. fxg5 Qxg5 25. Qxg5 Rxg5+ $15) 22. Nxg6 hxg6 23. Qg4 Rfb8 $5 {I did
not want to commit to g5, since it simplifies the game quite a bit. The
engines like g5 a little better immediately.} 24. Rc4 g5 25. fxg5 $6 {Nc5 is
slightly better and should hold the balance.} Qxg5 26. Qxg5 Rxg5+ 27. Kh1 Rbb5
28. f4 Rgf5 $6 {I must stop e4 and e5, but Rg4 was a better way to do this.}
29. Rc6 Ra5 30. Rf2 Kf8 31. Rc4 $6 {I really expected Nb6 during the game,
since Jerry had surprised me with similar tatical shots in our previous 2
games. I thought I could play the deparado Bxf4, but after Nc4 Bd6, white just
plays Rc2 with an equal game.} (31. Nb6 Bxf4 32. Nc4 Bd6 33. Rc2) 31... g5 32.
Kg2 gxf4 33. exf4 Rh5 $2 {This allows Nc5. Better was Kg7 when black has a
nice advantage.} 34. Kg3 $2 {White returns the favour, when now, black's
advantage is real again. In fairness, both players had less than 3 minutes
left on their clocks.} Rag5+ 35. Kf3 Rh3+ 36. Ke2 {I was hoping for Ke4?? f5
mate!} Rgh5 37. Nc5 a5 38. Na6 Rxh2 {Winning the h pawn, and the a pawn
eventuall also. Black is now winning and rest requires no comment.} 39. Nxc7
Bxf4 40. Na6 Bd6 41. Nc5 Rxf2+ 42. Kxf2 Rh2+ 43. Ke3 Bxc5 44. dxc5 Ke7 45. c6
Kd8 46. Rd4+ Kc7 47. Rd7+ Kxc6 48. Rxf7 Rxa2 49. Kd3 Rb2 50. Kc4 Rc2+ 51. Kd4
Rc3 52. Ra7 Kb6 53. Re7 Rxb3 54. Rxe6+ Kb5 0-1

[Event "2017MOK"]
[Site "Calgary"]
[Date "2017.??.??"]
[Round "5.1"]
[White "Ng, Gary"]
[Black "Findlay, Ian"]
[Result "1-0"]
[WhiteElo "2354"]
[BlackElo "2290"]
[PlyCount "49"]
[EventDate "2017.??.??"]
[SourceDate "2017.09.01"]
[TimeControl "90+30"]

1. Nf3 Nf6 2. c4 e6 3. g3 d5 4. Bg2 Be7 5. O-O O-O 6. d4 dxc4 7. Ne5 Nc6 8.
Nxc6 (8. Nxc4) 8... bxc6 9. Na3 (9. Bxc6) 9... c3 10. bxc3 Nd5 11. Qc2 Rb8 12.
e4 Nb6 13. Rd1 Ba6 14. c4 Qc8 15. c5 (15. e5 Nd7) 15... Nd7 16. Nc4 Bxc4 17.
Qxc4 Rd8 18. Be3 Qb7 19. Qc2 f6 20. Rab1 Qa6 21. Bf1 Qa5 22. a4 Rb4 23. Rxb4
Qxb4 24. Rb1 (24. Ra1) 24... Qa5 25. Bg2 1-0

[Event "2017MOK"]
[Site "Calgary"]
[Date "2017.??.??"]
[Round "4.1"]
[White "Findlay, Ian"]
[Black "Haessel, Dale"]
[Result "1-0"]
[WhiteElo "2290"]
[BlackElo "2286"]
[PlyCount "61"]
[EventDate "2017.??.??"]
[SourceDate "2017.09.01"]
[TimeControl "90+30"]

1. e4 e5 2. Nf3 Nc6 3. Bc4 Bc5 4. c3 Nf6 5. d3 d6 6. O-O O-O 7. Re1 Bb6 8. a4
a6 9. Nbd2 Ne7 (9... Na7) 10. a5 Ba7 11. Nf1 Ng6 12. h3 Be6 13. Bb3 Nh5 14. d4
Nhf4 15. Ng3 Qf6 16. Bc2 h6 17. Nf5 Rfb8 (17... Rab8 18. Be3 (18. Bb3) 18...
Bxf5 19. exf5 Ne7 20. dxe5 dxe5 21. Bxa7) 18. Be3 Bxf5 19. exf5 Ne7 20. dxe5
dxe5 21. Bxa7 Rxa7 22. Rxe5 Raa8 23. Qd4 g5 24. fxg6 fxg6 25. Rxe7 Nxh3+ 26.
gxh3 Qxe7 (26... Rd8) 27. Bxg6 Rd8 28. Qg4 (28. Qc4+) 28... Rf8 29. h4 Kh8 30.
h5 Qe2 31. Kg2 1-0

[Event "2017MOK"]
[Site "Calgary"]
[Date "2017.??.??"]
[Round "2.3"]
[White "Timmerman, Brian"]
[Black "Haessel, Dale"]
[Result "0-1"]
[WhiteElo "1754"]
[BlackElo "2286"]
[PlyCount "62"]
[EventDate "2017.??.??"]
[SourceDate "2017.09.01"]
[TimeControl "90+30"]

1. e4 e5 2. Nf3 Nc6 3. Bb5 a6 4. Ba4 Nf6 5. O-O Be7 6. Re1 b5 7. Bb3 O-O 8. c3
d6 9. h3 Nb8 10. d4 Nbd7 11. Nbd2 Bb7 12. Bc2 Re8 13. Nf1 Bf8 14. Ng3 g6 (14...
g5) 15. a4 c5 16. d5 c4 17. Bg5 h6 18. Be3 Qc7 19. Qd2 h5 20. Ra3 Nc5 21. Rea1
(21. Raa1 Nfd7 22. axb5 axb5 23. Rxa8 Rxa8) 21... Nfd7 22. axb5 axb5 23. Rxa8
Rxa8 24. Rxa8 Bxa8 25. Bh6 Bg7 26. Bg5 Nf6 27. Qe2 Qa7 28. Qd1 Bb7 29. Nh4 Bc8
30. Kh2 Ng4+ 31. hxg4 Bxg4 0-1

[Event "2017MOK"]
[Site "Calgary"]
[Date "2017.??.??"]
[Round "2.4"]
[White "Kobalenko, Jerry"]
[Black "Harris, Adam"]
[Result "1-0"]
[WhiteElo "2211"]
[BlackElo "1868"]
[PlyCount "61"]
[EventDate "2017.??.??"]
[SourceDate "2017.09.01"]
[TimeControl "90+30"]

1. Nf3 Nf6 2. g3 g6 3. b3 Bg7 4. Bb2 O-O 5. Bg2 d5 6. O-O c5 7. d4 cxd4 8. Nxd4
Nc6 9. Nd2 Qb6 10. e3 e5 11. Nxc6 bxc6 12. Bxe5 Bg4 13. Qc1 Rfe8 14. Bd4 c5 15.
Bb2 Rad8 16. h3 Bf5 17. g4 Bc8 18. Re1 h5 19. g5 Ne4 20. Bxg7 Kxg7 21. Nxe4
Rxe4 22. Qb2+ Kg8 23. Bxe4 dxe4 24. Rad1 Re8 25. Qf6 Qa5 26. Re2 Qb6 27. Rd6
Qb5 28. c4 Qa5 29. Red2 Qa3 30. Rd8 Qc1+ 31. Rd1 1-0

[Event "2017MOK"]
[Site "Calgary"]
[Date "2017.??.??"]
[Round "5.2"]
[White "Haessel, Dale"]
[Black "Harris, Adam"]
[Result "1-0"]
[WhiteElo "2286"]
[BlackElo "1868"]
[PlyCount "59"]
[EventDate "2017.??.??"]
[SourceDate "2017.09.01"]
[TimeControl "90+30"]

1. d4 Nf6 2. c4 e6 3. Nc3 Bb4 4. e3 O-O 5. Nge2 d5 6. a3 Be7 7. Nf4 b6 8. cxd5
exd5 9. g3 c6 10. Bg2 (10. Nd3 c5 11. Bg2 Ba6) 10... Ba6 11. Nd3 c5 12. O-O
cxd4 13. exd4 Nc6 14. Re1 Bb7 15. Nf4 Na5 16. Qd3 Nb3 17. Ncxd5 Bxd5 18. Nxd5
Nxc1 19. Nxe7+ Qxe7 20. Raxc1 Qd7 21. Bxa8 Rxa8 22. Rc2 h5 23. Rec1 h4 24. Rc7
Qh3 25. Qc4 Rf8 26. Rc8 Ng4 27. Rxf8+ Kh7 28. Qd3+ g6 29. Rxf7+ (29. Rf1) 29...
Kh6 30. Qd2+ 1-0

[Event "2017MOK"]
[Site "Calgary"]
[Date "2017.??.??"]
[Round "4.11"]
[White "Qin, Kevin"]
[Black "Khoshooei, Milad"]
[Result "*"]
[WhiteElo "1158"]
[BlackElo "1304"]
[PlyCount "35"]
[EventDate "2017.??.??"]
[SourceDate "2017.09.01"]
[TimeControl "90+30"]

1. e4 e5 2. Nf3 Nc6 3. d4 d6 4. dxe5 Nxe5 5. Nxe5 dxe5 6. Qxd8+ Kxd8 7. Nc3 c6
8. Bc4 f6 9. O-O Kc7 10. Be3 Bb4 11. Ne2 Bg4 12. f3 Bh5 13. Ng3 Bg6 14. a3 Ba5
15. b4 Bb6 16. Bxb6+ axb6 17. Rfd1 h5 (17... b5 18. Bb3 h5 19. Nf5 Bxf5 20.
exf5 Ne7 21. Be6 Rad8 22. c4 g6 23. fxg6 Nxg6 24. Bf5 Nf4 25. Kf2 Rhg8 26. g3)
18. h4 *

[Event "2017MOK"]
[Site "Calgary"]
[Date "2017.??.??"]
[Round "4.3"]
[White "Timmerman, Brian"]
[Black "Kobalenko, Jerry"]
[Result "0-1"]
[WhiteElo "1754"]
[BlackElo "2211"]
[PlyCount "32"]
[EventDate "2017.??.??"]
[SourceDate "2017.09.01"]
[TimeControl "90+30"]

1. e4 c5 2. Nf3 e6 3. d4 cxd4 4. Nxd4 a6 5. Nc3 Qc7 6. g3 b5 7. Bg2 Bb7 8. a3
Nf6 9. O-O b4 10. axb4 Bxb4 11. Re1 Nc6 12. Nd5 exd5 13. c3 Nxd4 14. Qxd4 Bc5
15. exd5+ Kf8 16. d6 Bxd4 0-1

[Event "2017MOK"]
[Site "Calgary"]
[Date "2017.??.??"]
[Round "1.4"]
[White "Sharma, Vishruth"]
[Black "Kobalenko, Jerry"]
[Result "0-1"]
[WhiteElo "1608"]
[BlackElo "2211"]
[PlyCount "58"]
[EventDate "2017.??.??"]
[SourceDate "2017.09.01"]
[TimeControl "90+30"]

1. e4 c5 2. Nf3 e6 3. d4 cxd4 4. Nxd4 a6 5. Be3 Nf6 6. Nc3 Qc7 7. f3 Bb4 8. Qd2
d5 9. Bd3 e5 10. Nb3 d4 11. Nxd4 exd4 12. Bxd4 (12. Ne2) 12... Nbd7 13. O-O-O
Bc5 14. Qe3 O-O 15. g4 Bxd4 16. Qxd4 Qf4+ 17. Kb1 Ne5 18. Rhf1 Nxf3 19. Qf2
Bxg4 20. Be2 Nd2+ 21. Ka1 Qxf2 22. Rxf2 Bxe2 23. Rxe2 Nc4 24. e5 Ng4 25. e6
fxe6 26. Rxe6 Rae8 27. Rxe8 Rxe8 28. h4 Nge3 29. Rc1 Rf8 0-1

[Event "2017MOK"]
[Site "Calgary"]
[Date "2017.??.??"]
[Round "3.2"]
[White "Haessel, Dale"]
[Black "Kostadinov, Georgi"]
[Result "1-0"]
[WhiteElo "2286"]
[BlackElo "2081"]
[PlyCount "52"]
[EventDate "2017.??.??"]
[SourceDate "2017.09.01"]
[TimeControl "90+30"]

1. d4 d5 2. c4 c6 3. Nc3 Nf6 4. e3 a6 5. Nf3 Bf5 6. Be2 e6 7. Nh4 Be4 8. f3 Bg6
9. O-O c5 10. cxd5 exd5 11. Nxg6 hxg6 12. Qc2 Bd6 13. a3 cxd4 14. exd4 Nc6 15.
Be3 Kf8 16. Rfe1 Qc7 17. Bf1 Na5 18. Rac1 Rc8 19. Bf2 b5 20. Qb1 Qb7 21. a4 Nc4
22. axb5 axb5 23. Nxb5 Qxb5 24. b3 Qd7 25. bxc4 dxc4 26. Qa1 (26. Qa2 c3 27.
Rc2 Bb4 28. Qb3 Qd6 29. Bc4) 26... c3 1-0

[Event "Calgary International Qualifier"]
[Site "?"]
[Date "2017.??.??"]
[Round "1.7"]
[White "Kostadinov, Georgi"]
[Black "Milne, Art"]
[Result "0-1"]
[WhiteElo "2071"]
[BlackElo "1587"]
[PlyCount "68"]
[EventDate "2017.??.??"]
[SourceDate "2017.09.01"]
[TimeControl "90"]

1. d4 d6 2. c4 f5 3. Nc3 Nf6 4. Nf3 g6 5. g3 Bg7 6. Bg2 O-O 7. O-O Na6 8. Qc2
c5 9. d5 Bd7 10. Re1 Rb8 11. Rb1 Nc7 12. b3 a6 13. Bb2 b5 14. Nd2 Ng4 15. Nd1
Ne5 16. f4 Nf7 17. Bxg7 Kxg7 18. Nf2 e6 19. e4 Qf6 20. Nf3 exd5 21. e5 dxe5 22.
fxe5 Qb6 23. Nd3 dxc4 24. bxc4 Ne6 25. Nf4 Nxf4 26. gxf4 Be6 27. Bf1 Qc6 28.
Kf2 Rfd8 29. Red1 b4 30. Bg2 Qc7 31. Rbc1 h6 32. h4 h5 33. Rg1 Nh6 34. Ng5 Qe7
0-1

[Event "2017MOK"]
[Site "Calgary"]
[Date "2017.??.??"]
[Round "1.1"]
[White "Ng, Gary"]
[Black "Milne, Arthur"]
[Result "1-0"]
[WhiteElo "2354"]
[BlackElo "1656"]
[PlyCount "57"]
[EventDate "2017.??.??"]
[SourceDate "2017.09.01"]
[TimeControl "90+30"]

1. Nf3 a6 2. c4 b5 3. b3 Bb7 4. e3 c6 5. Bb2 d6 6. d4 Nd7 7. Nbd2 Ngf6 8. Bd3
g6 9. O-O Bg7 10. Qc2 O-O 11. Rfe1 Re8 (11... Rc8 12. e4 Nh5 13. Rad1 Nf4 14.
Bf1 e5 15. g3 Ne6 16. dxe5 dxe5 17. Bh3 Qe7 18. Nf1 Rfd8 (18... Rcd8 19. Ne3
Bc8 20. cxb5 axb5 21. Qxc6) 19. Ne3) 12. e4 Nh5 13. Rad1 Nf4 14. Bf1 e5 15. g3
Ne6 16. dxe5 dxe5 17. Bh3 Qe7 18. Nf1 Red8 19. Ne3 Bc8 20. cxb5 axb5 21. Qxc6
Rxa2 22. Nd5 Qe8 23. Bxe6 Qxe6 24. Qc7 Re8 25. Qc1 Qg4 26. Rd3 f5 27. Nd2 Bb7
28. Ne3 Qh3 29. Rxd7 1-0

[Event "2017MOK"]
[Site "Calgary"]
[Date "2017.??.??"]
[Round "4.2"]
[White "Kostadinov, Georgi"]
[Black "Ng, Gary"]
[Result "*"]
[WhiteElo "2080"]
[BlackElo "2354"]
[PlyCount "76"]
[EventDate "2017.??.??"]
[SourceDate "2017.09.01"]
[TimeControl "90+30"]

1. d4 Nf6 2. c4 e6 3. Nf3 b6 4. g3 Ba6 5. Qa4 c5 6. Bg2 Bb7 7. e3 Be7 8. Nc3
O-O 9. O-O Qc8 10. Rd1 a6 11. Bd2 d6 12. Rac1 Nbd7 13. a3 Bc6 14. Qb3 Rb8 15.
d5 exd5 16. Nxd5 Bxd5 17. cxd5 b5 18. Bc3 Ne4 19. Ba5 (19. Be5) 19... Qe8 20.
Qc2 f5 21. Ne1 Bd8 22. Bxd8 Rxd8 23. Nd3 g5 24. a4 Ne5 25. Nxe5 Qxe5 26. Bf1
Rb8 27. axb5 axb5 28. Ra1 c4 29. Ra7 Ra8 30. f4 Qe8 31. Rda1 Rxa7 32. Rxa7 Qb8
33. Ra6 Rc8 34. Qd1 Qb7 35. Ra1 Qb6 36. Qd4 Qxd4 37. exd4 gxf4 38. gxf4 Kf7 *

[Event "2017MOK"]
[Site "Calgary"]
[Date "2017.??.??"]
[Round "2.1"]
[White "Zhao, Ian"]
[Black "Ng, Gary"]
[Result "*"]
[WhiteElo "1859"]
[BlackElo "2354"]
[PlyCount "111"]
[EventDate "2017.??.??"]
[SourceDate "2017.09.01"]
[TimeControl "90+30"]

1. e4 c5 2. c3 Nf6 3. e5 Nd5 4. d4 e6 5. Nf3 Be7 6. c4 Nb6 7. d5 d6 8. exd6
Qxd6 9. Nc3 exd5 10. cxd5 a6 11. Be3 O-O 12. Qd2 Bf5 13. Bf4 Qd8 14. d6 Bf6 15.
Be2 Re8 16. O-O Nc6 17. Bd3 Qd7 18. Rad1 c4 19. Bxf5 Qxf5 20. Be3 Nd7 21. Nd4
Nxd4 22. Bxd4 b5 23. Bxf6 Nxf6 24. Nd5 Nxd5 25. Qxd5 Qxd5 26. Rxd5 Rad8 27.
Rfd1 Rd7 28. Kf1 f6 29. Rc5 Rb8 30. Rc7 Rdd8 31. Rc6 a5 32. Rd5 Kf7 33. Rcc5
Ke6 34. Rxb5 Rxb5 35. Rxb5 Kxd6 36. Ke2 Kc6 37. Rxa5 Rb8 38. b3 cxb3 39. axb3
Rxb3 40. Ra7 g5 41. Rxh7 Kd6 (41... Rb6) 42. h4 gxh4 43. Rxh4 Ke5 44. Rh5+ Ke6
45. f3 Rb2+ 46. Kf1 Kf7 47. Rd5 Ke6 48. Rd3 Kf5 49. Re3 Kf4 50. Re4+ Kg5 51.
Re2 Rb1+ 52. Kf2 Rb5 53. g3 Kf5 54. g4+ Kg6 55. Kg3 Kf7 56. Re4 *

[Event "2017MOK"]
[Site "Calgary"]
[Date "2017.??.??"]
[Round "3.5"]
[White "Harris, Adam"]
[Black "Papneja, Arul"]
[Result "1-0"]
[WhiteElo "1868"]
[BlackElo "1632"]
[PlyCount "68"]
[EventDate "2017.??.??"]
[SourceDate "2017.09.01"]
[TimeControl "90+30"]

1. d4 d5 2. c4 dxc4 3. Nc3 a6 4. a4 Nc6 5. Nf3 Nf6 6. e3 Bg4 7. Bxc4 e6 8. h3
Bh5 9. Be2 Bd6 10. O-O O-O 11. e4 Bxf3 12. Bxf3 e5 13. d5 Nd4 14. Be3 Bc5 15.
Kh1 Qd6 16. Rc1 Nd7 17. Bg4 Bb6 18. Bxd7 Qxd7 19. Ne2 Nxe2 20. Qxe2 Bxe3 21.
Qxe3 Rac8 22. Rc4 c6 23. Rfc1 f6 24. dxc6 Rxc6 25. Rxc6 bxc6 26. Qc5 Rb8 27. f3
Rc8 28. Qc4+ Kh8 29. Qxa6 Rc7 30. Qc4 Qd4 31. Qb3 Qa7 32. Rd1 Qa8 33. Qb6 Qc8
34. a5 Rb7 1-0

[Event "2017MOK"]
[Site "Calgary"]
[Date "2017.??.??"]
[Round "3.11"]
[White "Samy, Mikesh"]
[Black "Qin, Kevin"]
[Result "1-0"]
[WhiteElo "1068"]
[BlackElo "1158"]
[PlyCount "31"]
[EventDate "2017.??.??"]
[SourceDate "2017.09.01"]
[TimeControl "90+30"]

1. e4 e5 2. Nf3 Nc6 3. Bb5 a6 4. Ba4 Nf6 5. O-O b5 6. Bb3 d6 7. c3 Bg4 8. Re1
Be7 9. d4 exd4 10. cxd4 Bxf3 11. Qxf3 Nxd4 12. Qg3 Nxb3 13. axb3 Qd7 14. Qxg7
Rg8 15. Qh6 Qg4 16. Qh3 1-0